 Dungeon Crawl Stone Soup version 0.31.0-12-g77e489cdc1 (webtiles) character file.

Game seed: 11927555345534790906

14396 Gadfly the Basher (level 12, -12/81 HPs)
             Began as a Gargoyle Fighter on Mar 4, 2024.
             Was a Believer of the Shining One.
             Mangled by an enormous slime creature (46 damage)
             ... on level 11 of the Dungeon.
             The game lasted 00:25:33 (13231 turns).

Gadfly the Basher (Gargoyle Fighter)               Turns: 13231, Time: 00:25:33

Health: -12/81     AC: 32    Str: 22    XL:     12   Next: 16%
Magic:  19/19      EV: 10    Int: 12    God:    the Shining One [**....]
Gold:   671        SH:  5    Dex: 11    Spells: 8/11 levels left

rFire   . . .        a - +2 mace (holy)
rCold   . . .        c - +0 buckler
rNeg    + + .        G - +6 leather armour "Tosets" {Will++ Int+2}
rPois   ∞            l - +2 helmet
rElec   +            n - +0 cloak
rCorr   .            (no gloves)
SInv    .            t - +0 pair of boots
Will    ++...        (no amulet)
Stlth   +            d - +4 ring of protection
HPRegen 0.33/turn    v - +4 ring of protection
MPRegen 0.16/turn

%: no passive effects
@: glowing, studying Maces & Flails
A: sickness immunity, AC +8, negative energy resistance 1, electricity
resistance, torment resistance 1, petrification resistance, robust 1, wild magic
1, inability to drink after injury 1
a: Renounce Religion, Divine Shield


You were on level 11 of the Dungeon.
You worshipped the Shining One.
The Shining One was pleased with you.
You visited 2 branches of the dungeon, and saw 13 of its levels.

You collected 671 gold pieces.

Inventory:

Hand Weapons
 a - a +2 mace of holy wrath (weapon)
 b - a +2 whip of flaming
 u - a +0 morningstar
 A - a +2 whip of freezing
 C - a +4 scimitar of flaming
 F - the +5 long sword "Luvutough" {holy, rN+ Will+}
   (You found it on level 10 of the Dungeon)

   rN+:       It protects you from negative energy.
   Will+:     It increases your willpower.
Armour
 c - a +0 buckler (worn)
 l - a +2 helmet (worn)
 n - a +0 cloak (worn)
 t - a +0 pair of boots (worn)
 x - a +1 scale mail of cold resistance
 z - a +0 plate armour
 G - the +6 leather armour "Tosets" (worn) {Will++ Int+2}
   (You found it on level 10 of the Dungeon)

   Int+2:     It affects your intelligence (+2).
   Will++:    It greatly increases your willpower.
Jewellery
 d - a +4 ring of protection (left hand)
 r - a ring of see invisible
 v - a +4 ring of protection (right hand)
Wands
 i - a wand of roots (17) (quivered)
 s - a wand of paralysis (4)
 w - a wand of light (4)
 E - a wand of polymorph (8)
Scrolls
 e - 2 scrolls of teleportation
 f - 2 scrolls of vulnerability
 g - a scroll of fog
 h - 3 scrolls of poison
 p - 2 scrolls of revelation
 q - 2 scrolls of identify
 y - a scroll of butterflies
 H - a scroll of enchant weapon
Potions
 j - a potion of heal wounds
 k - a potion of ambrosia
 m - 2 potions of lignification
 o - 6 potions of curing
 B - 2 potions of haste
 D - a potion of resistance


   Skills:
 + Level 8.3 Fighting
 * Level 12.4 Maces & Flails
 + Level 7.8 Armour
 + Level 7.8 Shields
 * Level 9.9 Invocations
 * Level 8.3 Evocations


You had 8 spell levels left.
You knew the following spells:

 Your Spells              Type           Power      Damage    Failure   Level
a - Swiftness             Air            0%         N/A       85%         3

Your spell library contained the following spells:

 Spells                   Type           Power      Damage    Failure   Level
 Sandblast                Erth           0%         2d4       50%         1
 Sting                    Conj/Alch      0%         1d3       50%         1
 Call Imp                 Summ           0%         N/A       63%         2
 Ensorcelled Hibernation  Hex/Ice        0%         N/A       63%         2
 Mercury Vapours          Alch/Air       0%         N/A       63%         2
 Passwall                 Erth           0%         N/A       85%         3
 Stone Arrow              Conj/Erth      0%         3d7       85%         3
 Brom's Barrelling Bould  Conj/Erth      0%         2d3       99%         4
 Olgreb's Toxic Radiance  Alch           0%         N/A       99%         4
 Vhi's Electric Charge    Tloc/Air       0%         N/A       99%         4
 Arcjolt                  Conj/Air       0%         1d10      100%        5
 Summon Hydra             Summ           0%         N/A       100%        7
 Maxwell's Capacitive Co  Air            0%         ∞         100%        8
 Sublimation of Blood     Necr           Unusable   N/A       N/A         2

Dungeon Overview and Level Annotations

Branches:
Dungeon (12/15)            Temple (1/1) D:7            Lair (0/5) D:8
    Orc: D:9-12

Altars:
Ashenzari
Cheibriados
Dithmenos
Elyvilon
Fedhas
Gozag
Hepliaklqana
Kikubaaqudgha
Makhleb
Nemelex Xobeh
Okawaru
Qazlal
Ru
Sif Muna
Trog
Uskayaw
Vehumet
Wu Jian
Xom
Yredelemnul
Zin
The Shining One


Innate Abilities, Weirdness & Mutations

You are immune to sickness and miasma.
Your stone body is resilient. (AC +8)
You are immune to poison.
You resist negative energy. (rN+)
You are resistant to electric shocks. (rElec)
You are resistant to unholy torment.
You are immune to petrification.
You are robust. (+10% HP)
Your spells are a little harder to cast, but a little more powerful.
You occasionally lose the ability to drink potions when taking damage.


Message History

Done exploring.
Done exploring.
Okay, then.
Done exploring.
There is a stone staircase leading down here.
You climb downwards.
The slime creature quivers. x5
The centaur shouts!
There is a stone staircase leading up here.
There are monsters nearby!
The centaur wields a +0 orcbow.
The centaur shoots an arrow.
The arrow hits you but does no damage.
The slime creature hits you but does no damage. x2
The slime creature completely misses you.
The slime creature hits you but does no damage.
Two slime creatures merge to form a large slime creature.
You climb upwards.
There is a stone staircase leading down here.
The slime creature hits you but does no damage.
The slime creature attacks as it pursues you!
You block the slime creature's attack.
The slime creature hits you but does no damage.
Two slime creatures merge to form a large slime creature.
Two slime creatures merge to form a large slime creature.
Two slime creatures merge to form an enormous slime creature.
You hit the enormous slime creature.
The enormous slime creature is lightly wounded.
You hit the enormous slime creature.
The enormous slime creature is lightly wounded.
The enormous slime creature hits you!!!
Ouch! That really hurt!
You are too injured to fight recklessly!
You are too injured to fight recklessly!
You are too injured to fight recklessly!
You are too injured to fight recklessly!
Unknown command.
The enormous slime creature attacks as it pursues you!
The enormous slime creature hits you!!!
Ouch! That really hurt!
You die...

#.# #.# ###.#.# #.# #.# #.#.# #.#
#.# #######.#.## #.# #.#
#..........# #.# #.# #.#####.#..#
#.# #.# #.# #.#... #.####.#####
###.#####.##.#
#.(........###......##.##.# #
######....@J..........(.... #
########.>#.##..####.# #
#..#.##..# #.# # ### #..#.##..#
#.# #
##.#############..#.##..####.# #
#............................#
#####.################..>........
..)...# ####........ #######
#########


You could see an enormous slime creature.

Vanquished Creatures
  Erica (D:9)
  2 two-headed ogres
  Nergalle (D:10)
  Pikel (D:9)
  A cyclops (D:11)
  2 manticores (D:11)
  A gargoyle (D:11)
  An unseen horror (D:11)
  A kobold demonologist (D:11)
  A komodo dragon (D:8)
  4 trolls
  A hornet (D:10)
  A wyvern (D:11)
  29 yaks
  6 vampire mosquitoes
  A steam dragon (D:8)
  A water moccasin (D:7)
  An orc warrior (D:11)
  A black bear (D:7)
  A sky beast (D:6)
  An ice beast (D:7)
  The ghost of zeteo the Sneak, an amateur NaEn (D:3)
  A centaur (D:8)
  A boggart (D:11)
  An ogre (D:7)
  A lemure (D:9)
  3 kobold brigands
  5 bullfrogs
  5 scorpions
  7 wights (D:7)
  3 howler monkeys
  A bombardier beetle (D:5)
  A quasit (D:7)
  2 jellies
  5 hounds
  2 gnoll boudas
  3 orc priests
  4 iguanas
  A sleepcap (D:8)
  9 orc wizards
  11 gnolls
  6 adders
  2 shadow imps (D:7)
  5 white imps
  2 dart slugs (D:1)
  2 ribbon worms
  25 orcs
  6 ball pythons
  5 endoplasms
  2 giant cockroaches (D:1)
  8 goblins
  5 hobgoblins
  12 jackals
  21 kobolds
  7 bats
  4 frilled lizards
  A goblin skeleton (D:7)
  4 hobgoblin zombies (D:7)
  A kobold skeleton (D:7)
  2 orc skeletons (D:7)
  3 orc zombies (D:7)
  3 rats
252 creatures vanquished.

Notes
Turn   | Place    | Note
-------+----------+-------------------------------------------
     0 | D:1      | Gadfly the Gargoyle Fighter began the quest for the Orb.
     0 | D:1      | Reached XP level 1. HP: 14/14 MP: 1/1
   117 | D:1      | Reached XP level 2. HP: 19/19 MP: 2/2
   187 | D:1      | Reached skill level 1 in Invocations
   431 | D:1      | Reached XP level 3. HP: 17/23 MP: 3/3
  1193 | D:2      | Reached skill level 1 in Evocations
  1306 | D:2      | HP: 1/23 [gnoll/+0 mace (5)]
  1313 | D:2      | Reached XP level 4. HP: 5/28 MP: 5/5
  2085 | D:2      | Found a faded altar of an unknown god.
  2179 | D:2      | Gained mutation: You are weak. (Str -2) [potion of
                  | mutation]
  2179 | D:2      | Gained mutation: You are clumsy. (Dex -2) [potion of
                  | mutation]
  2179 | D:2      | Gained mutation: You are robust. (+10% HP) [potion of
                  | mutation]
  2180 | D:2      | Lost mutation: You are weak. (Str -2) [potion of mutation]
  2180 | D:2      | Lost mutation: You are clumsy. (Dex -2) [potion of
                  | mutation]
  2180 | D:2      | Gained mutation: You occasionally lose the ability to drink
                  | potions when taking damage. [potion of mutation]
  2180 | D:2      | Gained mutation: Your spells are a little harder to cast,
                  | but a little more powerful. [potion of mutation]
  2256 | D:2      | Reached XP level 5. HP: 22/36 MP: 6/6
  2285 | D:2      | Reached skill level 3 in Maces & Flails
  2476 | D:3      | Found a runed translucent door.
  2479 | D:3      | Noticed zeteo's ghost (amateur NaEn)
  2537 | D:3      | Killed zeteo's ghost
  2538 | D:3      | Reached XP level 6. HP: 38/41 MP: 6/8
  3355 | D:4      | Reached XP level 7. HP: 40/47 MP: 9/9
  3613 | D:4      | Found a sparkling altar of Nemelex Xobeh.
  3766 | D:4      | Reached skill level 4 in Maces & Flails
  3957 | D:5      | Entered Level 5 of the Dungeon
  4151 | D:5      | Learned a level 3 spell: Swiftness
  4440 | D:5      | Identified a scroll of acquirement
  4440 | D:5      | Acquired a manual of Maces & Flails
  4452 | D:6      | Reached XP level 8. HP: 52/52 MP: 11/11
  4731 | D:6      | Reached skill level 5 in Maces & Flails
  4990 | D:6      | Reached skill level 5 in Fighting
  5206 | D:6      | Found a blossoming altar of Fedhas.
  5429 | D:7      | Reached skill level 5 in Invocations
  5435 | D:7      | Reached skill level 5 in Shields
  5607 | D:7      | Reached skill level 6 in Maces & Flails
  5685 | D:7      | Reached skill level 5 in Armour
  5786 | D:7      | Found a staircase to the Ecumenical Temple.
  5830 | D:7      | Reached XP level 9. HP: 48/59 MP: 13/13
  5877 | Temple   | Entered the Ecumenical Temple
  5915 | Temple   | Became a worshipper of Elyvilon the Healer
  5993 | D:7      | Found a glowing golden altar of the Shining One.
  6017 | D:7      | Fell from the grace of Elyvilon
  6017 | D:7      | Became a worshipper of the Shining One
  6059 | D:7      | Reached skill level 7 in Maces & Flails
  6648 | D:7      | Reached skill level 5 in Evocations
  7096 | D:8      | Noticed a komodo dragon
  7297 | D:8      | Killed a komodo dragon
  7417 | D:8      | Reached skill level 8 in Maces & Flails
  7475 | D:8      | Found a staircase to the Lair.
  7740 | D:8      | Reached XP level 10. HP: 52/66 MP: 15/15
  8764 | D:9      | Noticed Pikel
  8808 | D:9      | Killed Pikel
  8809 | D:9      | Reached skill level 9 in Maces & Flails
  8949 | D:9      | Identified the +1 rapier "Sang" {speed, rF+ rC+ Will+}
  9157 | D:9      | Noticed Erica
  9189 | D:9      | Killed Erica
  9582 | D:9      | Noticed a two-headed ogre
  9594 | D:9      | Killed a two-headed ogre
  9595 | D:9      | Reached skill level 10 in Maces & Flails
  9708 | D:9      | Found a burning altar of Makhleb.
  9965 | D:10     | Entered Level 10 of the Dungeon
 10094 | D:10     | Reached * piety under the Shining One
 10106 | D:10     | Reached XP level 11. HP: 67/73 MP: 17/17
 10275 | D:10     | Noticed Nergalle
 10323 | D:10     | Killed Nergalle
 10528 | D:10     | Found a shadowy altar of Dithmenos.
 10616 | D:10     | Identified the +6 leather armour "Tosets" {Will++ Int+2}
 10839 | D:9      | Reached skill level 11 in Maces & Flails
 11070 | D:10     | Identified the +5 long sword "Luvutough" {holy, rN+ Will+}
 11086 | D:10     | Identified the +6 dagger "Seabuasch" {pain, rPois rF++
                  | Will+ Int-3}
 11679 | D:11     | Noticed a manticore
 11687 | D:11     | Killed a manticore
 11745 | D:11     | Noticed a two-headed ogre
 11759 | D:11     | Killed a two-headed ogre
 11841 | D:11     | Noticed a manticore
 11854 | D:11     | Killed a manticore
 12190 | D:11     | Noticed a cyclops
 12241 | D:11     | Killed a cyclops
 12242 | D:11     | Reached skill level 12 in Maces & Flails
 12256 | D:11     | Reached XP level 12. HP: 44/80 MP: 19/19
 12644 | D:11     | Reached ** piety under the Shining One
 13231 | D:11     | Mangled by an enormous slime creature

Illustrated notes

Levels and vault maps discovered:
D:1:      minmay_arrival_arboretum_small, layout_loops_corners,
          minmay_misc_feat_tower
D:2:      layout_basic, basic_ecumenical_altar, dk_vineyard_2
D:3:      layout_loops_cross, ebering_ghost_reflecting_pool
D:4:      layout_loops_ring, mainiacjoe_overflow_boulevard
D:5:      layout_cave_pools
D:6:      layout_gridville, marbit_many_paths
D:7:      layout_gridville, nicolae_tso_besieged_by_evil,
          minmay_temple_entry_slanted
D:8:      layout_layer_cave, grunt_lair_entry_orc_guard_hut
D:9:      layout_loops_ring, mainiacjoe_overflow_alcove_4, uniq_erica,
          uniq_pikel
D:10:     layout_long_grid, nicolae_dithmenos_through_a_glass_darkly,
          lemuel_flamethrower_2, uniq_nergalle
D:11:     kennysheep_big_flooded_room, layout_loops_ring
D:12:     layout_long_grid, erik_orc_3, hangedman_abyss_or_decor_stagger,
          uniq_psyche, uniq_rupert, uniq_gastronok
Temple:   nicolae_temple_bog_church

Skill      XL: |  1  2  3  4  5  6  7  8  9 10 11 |
---------------+----------------------------------+-----
Invocations    | 1 2 3 4 5 6 8 9 |  9.9
Evocations     | 1 2 3 4 5 6 8 |  8.3
Fighting       | 4 5 6 7 8 |  8.3
Maces & Flails | 3 4 6 8 10 12 | 12.4
Shields        | 4 5 6 7 |  7.8
Armour         | 4 5 6 7 |  7.8

Action                     |  1- 3 |  4- 6 |  7- 9 | 10-12 || total
---------------------------+-------+-------+-------+-------++-------
  Melee: Flail             |   104 |     8 |       |       ||   112
         Mace              |       |   146 |   335 |    42 ||   523
         Falchion          |       |       |    31 |       ||    31
         Whip              |       |       |   201 |   668 ||   869
 Invoke: Divine Shield     |       |       |       |     1 ||     1
  Evoke: Wand              |       |       |       |     3 ||     3
    Use: Scroll            |     4 |     3 |     5 |     5 ||    17
         Potion            |     2 |     4 |     2 |     2 ||    10
 Armour: Scale mail        |    72 |    67 |   154 |    43 ||   336
         Chain mail        |       |    92 |   359 |       ||   451
         Plate armour      |       |       |       |   374 ||   374
         Leather armour    |       |       |       |   146 ||   146
  Dodge: Dodged            |    63 |    66 |   226 |   202 ||   557
  Block: Buckler           |    27 |    56 |   153 |   146 ||   382
